 Dungeon Crawl Stone Soup version 0.17-a0-996-ge445d5e (webtiles) character file.

466 Sixotanaka the Gouger (level 6, 25/25 HPs)
             Began as a Felid Transmuter on May 12, 2015.
             Was an Initiate of Ru.
             Got out of the dungeon alive.
             The game lasted 00:31:29 (10538 turns).

Sixotanaka the Gouger (Felid Transmuter)           Turns: 10538, Time: 00:31:29

Health: 25/25      AC:  2    Str:  6    XL:     6   Next: 81%
Magic:  10/10      EV: 18    Int: 14    God:    Ru [......]
Gold:   338        SH:  0    Dex: 19    Spells: 3 memorised, 3 levels left
                                        Lives:  0   Deaths: 2

rFire  . . .     SeeInvis +       - Unarmed
rCold  + . .     Clarity  .     (armour unavailable)
rNeg   . . .     SustAb   .     (shield unavailable)
rPois  .         Gourm    .     (helmet unavailable)
rElec  .         Spirit   .     (cloak unavailable)
rCorr  .         Warding  .     (gloves unavailable)
rMut   .         Stasis   .     (boots unavailable)
MR     .....                    (no amulet)
Stlth  ++........               (no ring)
                                n - ring of protection from cold

@: quick, not resistant to hostile enchantments, unstealthy
A: no armour, no weapons or thrown items, claws 1, fangs 3, see invisible,
carnivore 3, speed 1, shaggy fur 2, slow metabolism 1, sharp paws
a: Renounce Religion


You escaped.
You worshipped Ru.
Ru was noncommittal.
You were not hungry.

You visited 1 branch of the dungeon, and saw 7 of its levels.
You also visited: Sewer.

You collected 338 gold pieces.


Innate Abilities, Weirdness & Mutations

You cannot wear armour.
You are incapable of wielding weapons or throwing items.
You have sharp claws.
You have razor-sharp teeth.
You have supernaturally acute eyesight.
You are carnivorous and can eat meat at any time.
You cover ground quickly.
You are covered in thick fur (AC +2).
You have a slow metabolism.
Your sharp claws are effective at attacking unaware monsters.


   Skills:
 - Level 1.0 Fighting
 - Level 2.6 Dodging
 + Level 10.5 Unarmed Combat
 - Level 2.0 Spellcasting
 + Level 5.9 Transmutations


You had 3 spell levels left.
You knew the following spells:

 Your Spells              Type           Power        Failure   Level  Hunger
x - Spider Form           Trmt/Pois      #.........   24%         3    ####...
y - Sticks to Snakes      Trmt           ###.......   3%          2    ###....
z - Beastly Appendage     Trmt           ###...       2%          1    ##.....


Dungeon Overview and Level Annotations

Branches:
Dungeon (7/15)
 Temple: D:4-7

Altars:
Elyvilon
Makhleb
Nemelex Xobeh
Okawaru
Ru
Sif Muna
Xom
Yredelemnul

Annotations:
D:4 exclusion: downstairs, morfei's ghost, experienced TrMo
D:5 1 exclusion, morfei's ghost, experienced OpFi
D:6 2 exclusions

Inventory:

Missiles
 a - 74 arrows
Jewellery
 n - a ring of protection from cold (left paw)
 B - a cursed ring of teleportation {unknown}
Magical devices
 i - a wand of fireball (9)
 r - a wand of draining (5)
 s - a wand of draining (14)
 y - a wand of confusion (27)
Scrolls
 d - a scroll of blinking {unknown}
 e - 2 scrolls of amnesia {unknown}
 h - 2 scrolls of magic mapping
 k - 6 scrolls of remove curse {@r2}
 l - 5 scrolls of enchant weapon {unknown}
 m - a scroll of recharging {unknown}
 q - a scroll of enchant armour {unknown}
 t - 3 scrolls of teleportation {unknown}
 u - a scroll of noise {unknown}
 v - 2 scrolls of fog {unknown}
 E - a scroll of immolation {unknown}
Potions
 f - 3 potions of curing {@q1}
 g - 7 potions of heal wounds {unknown}
 j - 3 potions of flight {unknown}
 o - 2 potions of might
 p - 2 potions of agility
 w - 3 potions of lignification {unknown}
 z - a potion of brilliance {unknown}
 A - a potion of invisibility {unknown}
 C - a potion of berserk rage {unknown}
 F - a potion of poison {unknown}
 G - a potion of magic {unknown}
Books
 b - a book of Changes
Comestibles
 c - 3 meat rations
 x - a beef jerky

..#.##....# #...###.............
.##..#..### ##### ###########...
.###..###.### ###.## ###.
.(.##.##....### ###....## ##
.....##..⌠....#####....⌠..#######
#...##.....⌠....#.(..⌠.....##....
###..#..⌠....⌠.....⌠....⌠..#.....
##.#.....................##....
#.#######....@....############
##.## ####...#### ### ####...##
##...## ### ##.. ........##
##..⌠..## #.####...
.........####.......## #........
..........##..⌠...⌠..########....
..........#.....⌠.....#..........
....#...#.###.......###..........
....###.....####.#####.######....


There were no monsters in sight!


Message History

The crimson imp shouts!
You scratch the crimson imp. The crimson imp closely misses you.
You scratch the crimson imp. The crimson imp closely misses you.
You scratch the crimson imp. Your claw misses the crimson imp.
The crimson imp closely misses you.
You scratch the crimson imp. The crimson imp misses you.
You claw the crimson imp!
You kill the crimson imp!
(D) Dungeon
Where to? (Enter - D:1, ? - help)
There is an open door here.
There is an open door here.
There is a stone staircase leading up here.
You climb upwards.
Level annotation: 2 exclusions
There is a stone staircase leading down here.
There is a stone staircase leading up here.
You climb upwards.
Level annotation: 1 exclusion, morfei's ghost, experienced OpFi
There is a stone staircase leading down here.
There is a stone staircase leading up here.
You climb upwards.
Level annotation: exclusion: downstairs, morfei's ghost, experienced TrMo
There is a stone staircase leading down here.
Morfei's ghost is too close now for your liking.
Morfei's ghost turns its malevolent gaze towards you.
You barely miss morfei's ghost. You bite morfei's ghost.
Morfei's ghost completely misses you.
You claw morfei's ghost! You scratch morfei's ghost. Morfei's ghost hits you!!
Ouch! That really hurt!
* * * LOW HITPOINT WARNING * * *
You are too injured to fight recklessly!
You are too injured to fight recklessly!
You are too injured to fight recklessly!
You are too injured to fight recklessly!
You are too injured to fight recklessly!
You are too injured to fight recklessly!
You are too injured to fight recklessly!
You are too injured to fight recklessly!
You are too injured to fight recklessly!
You are too injured to fight recklessly!
You are too injured to fight recklessly!
You are too injured to fight recklessly!
You are too injured to fight recklessly!
You are too injured to fight recklessly!
You are too injured to fight recklessly!
You are too injured to fight recklessly!
Morfei's ghost hits you!!
Ouch! That really hurt!
You die...
You are now level 6!
You rejoin the land of the living...
Morfei's ghost is too close now for your liking.
Morfei's ghost closely misses you.
You see here the felid corpse of Sixotanaka.
There is a stone staircase leading up here.
You climb upwards.
There is a stone staircase leading down here.
There is a stone staircase leading up here.
You climb upwards.
There is a stone staircase leading down here.
There is a stone staircase leading up here.
You climb upwards.
There is a stone staircase leading down here.
There is a dry fountain here.
There is a fountain of clear blue water here.
There is a staircase leading out of the dungeon here.
Are you sure you want to leave the Dungeon?
This will make you lose the game!
You have escaped!

Action                   |  1- 3 |  4- 6 |  7- 9 || total
-------------------------+-------+-------+-------++-------
Melee: Unarmed           |   112 |   166 |   250 ||   528
 Cast: Beastly Appendage |    11 |    20 |    19 ||    50
       Sticks to Snakes  |       |    15 |    11 ||    26
Invok: Reject Sacrifices |       |     1 |     1 ||     2
Evoke: Wand              |       |     2 |     4 ||     6
  Use: Scroll            |       |     5 |       ||     5
       Potion            |       |     1 |       ||     1
 Stab: Sleeping          |     3 |     4 |     2 ||     9
       Paralysed         |       |     1 |       ||     1
       Distracted        |       |     1 |     1 ||     2
  Eat: Chunk             |     9 |     8 |    18 ||    35

Vault maps used:
D:1:      dpeg_arrival_leaves_temple_mockup
D:2:      elyvilon_altar_5
D:3:      forest_paths, old_standard_altar, amethyst_overflow_temple_binary,
          first_bread, nicolae_ru_great_annihilating_truth
D:5:      yredelemnul_forgotten_temple_becter, kennysheep_mini_moat,
          abandoned_shop, st_stairs_1
D:6:      makhleb_blood_cavern_becter, portal_sewer_entry_a,
          kb_lookout_dungeons_type
D:7:      minmay_temple_entry_poolview
Sewer:    sewer_kobolds

Notes
Turn   | Place    | Note
--------------------------------------------------------------
     0 | D:1      | Sixotanaka the Felid Transmuter began the quest for the Orb.
     0 | D:1      | Reached XP level 1. HP: 9/9 MP: 4/4
   327 | D:1      | Reached XP level 2. HP: 12/12 MP: 6/6
   651 | D:1      | Reached skill level 4 in Unarmed Combat
   951 | D:2      | Reached XP level 3. HP: 11/15 MP: 7/7
   982 | D:2      | Learned a level 2 spell: Sticks to Snakes
  1205 | D:2      | Found a white marble altar of Elyvilon.
  1558 | D:3      | HP: 1/15 [crimson imp (4)]
  1560 | D:3      | Reached skill level 5 in Unarmed Combat
  1560 | D:3      | Reached XP level 4. HP: 2/19 MP: 8/8
  2089 | D:3      | Found a sparkling altar of Nemelex Xobeh.
  2200 | D:3      | Found an iron altar of Okawaru.
  2208 | D:3      | Found a deep blue altar of Sif Muna.
  2324 | D:3      | Noticed an ice beast
  2436 | D:3      | Noticed an orc warrior
  2464 | D:3      | Found a sacrificial altar of Ru.
  2477 | D:3      | Reached XP level 5. HP: 9/22 MP: 7/9
  2495 | D:3      | Became a worshipper of Ru the Awakened
  3241 | D:2      | Reached skill level 6 in Unarmed Combat
  3486 | D:4      | Noticed morfei's ghost (experienced TrMo)
  3742 | D:4      | Noticed an ogre
  3761 | D:4      | Killed an ogre
  3761 | D:4      | Gained mutation: You are covered in thick fur (AC +2). [Felid growth]
  3761 | D:4      | Reached XP level 6. HP: 25/25 MP: 3/10
  3786 | D:4      | Reached skill level 7 in Unarmed Combat
  3920 | D:4      | Noticed an orc warrior
  4936 | D:4      | HP: 6/25 [poisoned by a worker ant]
  4941 | D:4      | HP: 6/25 [poisoned by a worker ant]
  4946 | D:4      | HP: 5/25 [poisoned by a worker ant]
  5158 | D:3      | Killed an orc warrior
  5158 | D:3      | Reached skill level 8 in Unarmed Combat
  5158 | D:3      | Reached XP level 7. HP: 10/28 MP: 9/11
  5566 | D:3      | Killed an ice beast
  6106 | D:4      | Killed an orc warrior
  6106 | D:4      | Reached skill level 9 in Unarmed Combat
  6408 | D:5      | Entered Level 5 of the Dungeon
  6408 | D:5      | Noticed morfei's ghost (experienced OpFi)
  6452 | D:5      | Learned a level 3 spell: Spider Form
  6570 | D:5      | HP: 6/28 [centaur (3)]
  7060 | D:5      | Reached skill level 3 in Transmutations
  7303 | D:5      | Reached XP level 8. HP: 32/32 MP: 12/12
  7330 | D:5      | Found a basalt altar of Yredelemnul.
  7363 | D:5      | Found a shimmering altar of Xom.
  7710 | D:6      | Found a glowing drain.
  7736 | Sewer    | Entered a sewer
  7967 | Sewer    | Reached skill level 4 in Transmutations
  8008 | Sewer    | Found a white marble altar of Elyvilon.
  8087 | D:6      | Reached skill level 10 in Unarmed Combat
  8713 | D:6      | Reached skill level 5 in Transmutations
  8888 | D:6      | Found a burning altar of Makhleb.
 10325 | D:7      | HP: 6/32 [sky beast (3)]
 10325 | D:7      | Slain by a sky beast
 10326 | D:7      | Reached XP level 7. HP: 0/28 MP: 11/11
 10464 | D:4      | Demolished by morfei's ghost
 10465 | D:4      | Reached XP level 6. HP: -16/25 MP: 10/10
 10538 | D:$      | Got out of the dungeon alive.

Vanquished Creatures
  2 orc warriors
  A necrophage (D:6)
  An ice beast (D:3)
  A crocodile (D:6)
  A centaur (D:5)
  A big kobold (Sewer)
  A giant frog (D:6)
  5 crimson imps
  A jelly (D:6)
  2 hounds
  A centaur skeleton (D:5)
  4 orc wizards
  3 iguanas
  2 orc priests
  4 worker ants
  A hound zombie (D:5)
  A hound skeleton (D:6)
  A worker ant zombie (D:5)
  7 adders
  2 river rats
  An ooze (D:1)
  3 worms
  An adder skeleton (D:4)
  An adder zombie (D:5)
  3 giant geckos
  24 orcs
  A ball python (D:6)
  A bat zombie (D:7)
  4 giant cockroaches
  19 goblins
  17 hobgoblins
  10 jackals
  9 bats
  5 giant newts
  19 kobolds
  A quokka skeleton (D:4)
  17 rats
  A spectral orc (D:5)
179 creatures vanquished.

Vanquished Creatures (collateral kills)
  2 ogres
  2 orc wizards (D:4)
  A worker ant (D:4)
  An orc (D:3)
6 creatures vanquished.

Grand Total: 185 creatures vanquished
